Map: Orbital Shipyard

Players

Zanster

  • Race: Zerg Zerg

Happy - Winner!

  • Race: Terran Terran
  • League: Diamond

Event: DreamHack ROCCAT LotV Championship

VOD

Have the link to the VOD?

Description

Time

  • Played on: Nov. 26, 2015, 2:57 p.m.
  • Length: 27:46

All games in this series

Show
View Real Time Build Order
Export as new Build Order

Zanster Zerg 

Build Orders: Hatch First 

Get SALT Encoding   

  12  0:01  Drone  
  13  0:13  Overlord  
  13  0:18  Drone  
  14  0:31  Drone x2  
  17  0:35  Drone  
  17  0:52  Hatchery  
  17  0:55  Drone  
  17  0:59  Drone  
  17  1:02  Extractor  
  17  1:12  Spawning Pool  
  17  1:16  Drone  
  17  1:20  Drone  
  18  1:28  Drone  
  19  1:39  Overlord  
  19  1:59  Queen  
  22  2:01  Zergling x4  
  22  2:04  Queen  
  22  2:05  Metabolic Boost, Drone  
  26  2:11  Drone  
  26  2:14  Drone  
  28  2:22  Drone  
  29  2:29  Drone  
  30  2:33  Drone  
  31  2:38  Drone  
  31  2:40  Queen  
  31  2:43  Overlord  
  33  2:47  Drone  
  34  2:56  Zergling x2  
  35  3:02  Drone  
  36  3:09  Zergling x2  
  36  3:11  Drone x4  
  36  3:12  Overlord  
  41  3:13  Drone  
  41  3:14  Drone  
  43  3:30  Hatchery  
  43  3:31  Drone  
  43  3:32  Drone x2  
  45  3:36  Roach Warren, Extractor  
  45  3:37  Drone  
  45  3:38  Extractor  
  45  3:41  Drone x2  
  45  3:42  Drone  
  45  3:46  Drone  
  45  3:48  Overlord  
  47  3:50  Drone x3  
  50  3:58  Drone  
  50  4:01  Overlord  
  51  4:05  Lair  
  51  4:08  Overlord  
  51  4:17  Roach x2  
  51  4:18  Roach x2  
  51  4:20  Roach  
  61  4:27  Drone x4  
  65  4:37  Roach  
  65  4:38  Overlord  
  67  4:45  Roach x2  
  69  4:49  Queen  
  69  4:50  Queen  
  68  4:53  Drone x5  
  68  4:56  Evolution Chamber  
  68  4:58  Evolution Chamber  
  67  5:02  Roach  
  67  5:03  Drone x3  
  72  5:09  Drone, Queen  
  72  5:13  Ravager x2  
  72  5:14  Ravager  
  78  5:16  Drone x3  
  78  5:21  Drone  
  82  5:24  Zerg Missile Weapons Level 1  
  82  5:26  Zerg Ground Armor Level 1  
  82  5:34  Drone  
  82  5:40  Drone  
  82  5:41  Drone, Queen  
  80  5:46  Drone x2  
  80  5:47  Drone x2  
  79  5:50  Drone  
  79  5:53  Drone  
  79  5:54  Drone  
  82  5:59  Overlord  
  82  6:04  Overlord  
  82  6:07  Overlord  
  82  6:11  Glial Reconstitution  
  82  6:14  Overlord  
  82  6:16  Overlord  
  83  6:18  Drone  
  83  6:19  Drone x6, Extractor  
  83  6:20  Extractor  
  83  6:21  Extractor  
  83  6:23  Overlord  
  86  6:28  Roach  
  86  6:32  Overseer  
  87  6:33  Overlord  
  87  6:35  Roach  
  87  6:36  Roach x3  
  87  6:37  Spore Crawler  
  94  6:42  Roach  
  94  6:43  Roach  
  98  6:50  Drone x4  
  98  6:51  Drone x3  
  98  6:52  Drone  
  106  6:55  Overlord  
  106  6:57  Overlord  
  106  7:06  Roach  
  106  7:07  Roach x3  
  114  7:09  Drone  
  114  7:10  Roach  
  117  7:18  Hatchery, Overlord  
  117  7:22  Roach  
  118  7:23  Roach x6  
  130  7:31  Overlord  
  130  7:32  Roach x2  
  134  7:39  Overlord  
  134  7:48  Overlord  
  133  7:52  Roach x6  
  133  7:54  Overlord  
  133  7:56  Zerg Ground Armor Level 2, Zerg Missile Weapons Level 2  
  145  8:04  Roach  
  145  8:05  Roach x6  
  159  8:14  Roach  
  159  8:15  Roach x4  
  159  8:16  Overlord  
  167  8:21  Infestation Pit  
  167  8:22  Hydralisk Den  
  167  8:26  Drone x2  
  167  8:27  Drone x3  
  170  8:28  Drone  
  170  8:29  Drone  
  170  8:30  Drone x2  
  170  8:32  Drone  
  175  8:36  Overlord  
  175  8:40  Drone  
  176  8:44  Drone x5  
  176  8:45  Drone  
  182  8:53  Ravager x4  
  182  8:54  Ravager x4  
  182  8:55  Roach x5  
  200  8:58  Hive  
  147  9:17  Roach x5  
  147  9:18  Roach x7  
  147  9:19  Roach  
  164  9:25  Extractor  
  164  9:28  Hydralisk x4  
  171  9:33  Hydralisk  
  171  9:35  Zergling x4  
  171  9:37  Extractor  
  174  9:39  Roach  
  174  9:42  Roach x4  
  184  9:46  Roach x3  
  184  9:50  Hydralisk  
  192  9:59  Hydralisk  
  192  10:00  Hydralisk x3  
  192  10:06  Spore Crawler  
  199  10:15  Zerg Missile Weapons Level 3  
  199  10:18  Muscular Augments  
  199  10:35  Drone  
  200  10:38  Spore Crawler, Spine Crawler  
  200  10:39  Spine Crawler  
  197  10:49  Viper  
  195  10:59  Viper  
  195  11:00  Viper x2  
  195  11:01  Hatchery  
  162  11:04  Roach  
  162  11:05  Roach x9  
  180  11:13  Drone x3  
  180  11:14  Drone  
  184  11:18  Hydralisk x2, Roach  
  184  11:19  Roach x5  
  200  11:28  Hatchery  
  177  12:04  Hydralisk x3  
  177  12:05  Hydralisk x2  
  177  12:06  Hydralisk x5, Roach  
  177  12:07  Roach  
  193  12:20  Zerg Ground Armor Level 3, Hatchery  
  192  12:23  Ravager x4  
  192  12:24  Ravager  
  197  12:33  Pneumatized Carapace  
  167  12:59  Roach x17, Extractor  
  167  13:01  Extractor  
  192  13:07  Hatchery  
  192  13:09  Roach x4  
  197  13:18  Hatchery  
  182  13:58  Viper  
  182  14:00  Zergling x6  
  182  14:01  Zergling x32  
  185  14:06  Roach  
  185  14:07  Roach x4  
  193  14:24  Overlord x2  
  191  14:25  Hydralisk x2  
  185  14:42  Roach  
  185  14:43  Roach x6  
  199  14:56  Zerg Melee Weapons Level 1  
  199  14:59  Ultralisk Cavern  
  198  15:00  Drone  
  198  15:01  Drone  
  198  15:03  Spine Crawler  
  198  15:05  Spine Crawler, Queen  
  200  15:14  Drone, Spine Crawler, Extractor  
  194  15:51  Viper x3  
  194  15:55  Infestor x5, Pathogen Glands  
  199  16:11  Spine Crawler  
  199  16:16  Chitinous Plating  
  198  16:21  Adrenal Glands  
  175  16:51  Drone x4  
  175  16:52  Drone  
  175  16:53  Extractor  
  165  17:01  Ultralisk  
  165  17:02  Ultralisk x5  
  165  17:03  Zerg Melee Weapons Level 2  
  187  17:14  Zergling x12  
  187  17:15  Zergling x12  
  194  17:48  Hatchery  
  192  18:21  Spire  
  192  18:26  Ultralisk Cavern  
  190  18:33  Hatchery  
  186  18:35  Zergling x2  
  186  18:36  Zergling x24  
  191  18:49  Zergling x8  
  191  18:50  Zergling x10  
  175  19:11  Zergling x20  
  175  19:12  Zergling x24  
  163  19:30  Ultralisk x2  
  159  19:42  Zergling x2  
  159  19:43  Zergling x2  
  129  20:23  Drone x3  
  132  20:28  Drone  
  132  20:29  Drone x2  
  132  20:34  Drone  
  135  20:46  Drone  
  136  20:50  Hatchery  
  53  21:48  Drone x5  
  58  22:23  Drone  
  53  23:08  Drone x3  
  56  23:18  Viper x2  
  62  23:37  Viper  
  62  23:38  Viper  
  62  24:08  Infestor x4  
  70  24:12  Drone  
  71  24:40  Hatchery  
  70  24:50  Burrow  
  71  25:00  Drone x3  
  73  25:14  Drone x3  
  76  25:36  Infestor x2  
  76  26:01  Hatchery  
  75  26:07  Drone x6  
  81  26:19  Drone  
  81  26:20  Drone  
  81  26:21  Drone  
  81  26:23  Drone x2  
  80  26:36  Viper  
  83  26:40  Drone x2  
  83  26:41  Drone x2  
  83  26:43  Drone  
  88  26:53  Queen  
  90  26:57  Drone  
  90  26:58  Drone x2  
  93  27:07  Infestor x2  
  93  27:12  Zergling x4  
  93  27:13  Zergling x6  
  98  27:20  Zergling x2  
  98  27:21  Zergling x2  
  100  27:28  Zergling x8  
Show
View Real Time Build Order
Export as new Build Order

Happy Terran - Winner!

Build Orders: Liberator Opening, Reaper Expand, Bio Tank 

Get SALT Encoding   

  12  0:00  SCV  
  13  0:12  SCV  
  14  0:17  Supply Depot  
  14  0:24  SCV  
  15  0:39  SCV, Barracks  
  16  0:43  Refinery  
  16  0:51  SCV  
  17  1:03  SCV  
  18  1:15  SCV  
  19  1:27  Reaper, Orbital Command  
  20  1:40  Command Center  
  20  1:47  Refinery  
  20  1:53  SCV  
  21  1:57  Supply Depot  
  21  2:06  SCV  
  22  2:09  Factory  
  22  2:16  Barracks Reactor  
  22  2:18  SCV  
  23  2:30  SCV  
  24  2:42  SCV  
  25  2:54  SCV  
  25  2:56  Starport  
  25  2:57  Orbital Command  
  26  3:01  Hellion x2, Marine  
  31  3:07  SCV  
  32  3:18  Armory  
  32  3:19  SCV  
  33  3:24  Marine  
  34  3:31  SCV x2  
  34  3:33  Hellion x2  
  40  3:35  Medivac  
  42  3:41  Supply Depot  
  42  3:42  Marine  
  42  3:43  SCV  
  44  3:53  SCV  
  44  3:55  SCV, Liberator  
  46  4:05  SCV  
  46  4:07  Factory Tech Lab  
  46  4:08  Marine x2  
  49  4:16  SCV  
  53  4:17  SCV  
  53  4:19  Command Center  
  53  4:23  Refinery  
  54  4:30  Supply Depot x2  
  54  4:48  Liberator  
  52  5:05  Marine x2  
  52  5:08  SCV, Barracks  
  52  5:09  SCV, Engineering Bay  
  52  5:10  Engineering Bay, Barracks  
  52  5:11  Refinery  
  54  5:20  SCV, Siege Tank  
  54  5:21  SCV  
  59  5:25  Supply Depot  
  59  5:28  Supply Depot  
  59  5:32  SCV  
  59  5:33  SCV  
  58  5:49  Starport Reactor  
  57  5:50  Terran Infantry Weapons Level 1, Terran Infantry Armor Level 1, Orbital Command  
  57  5:52  Supply Depot, Siege Tank  
  57  5:53  SCV  
  57  5:56  Marine x2  
  63  5:59  Barracks Tech Lab x2  
  63  6:03  SCV  
  64  6:07  Orbital Command  
  64  6:13  Barracks  
  64  6:14  Barracks, Marine  
  64  6:16  Supply Depot  
  65  6:20  SCV  
  65  6:24  Combat Shields  
  65  6:25  Stimpack, Marine x2  
  66  6:26  SCV  
  66  6:32  SCV, Medivac x2  
  71  6:33  SCV  
  71  6:38  SCV  
  73  6:43  Marine  
  73  6:44  SCV, Marauder, Marine  
  73  6:45  SCV  
  73  6:46  Siege Tank  
  82  6:50  SCV  
  82  6:52  Supply Depot  
  82  6:54  Supply Depot  
  83  6:56  SCV  
  83  6:57  SCV  
  85  7:03  SCV, Refinery, Bunker, Medivac  
  88  7:09  Marine  
  88  7:12  SCV x2  
  88  7:15  Barracks Reactor x2, SCV  
  92  7:16  Refinery, Marine x2  
  92  7:21  Barracks  
  94  7:24  SCV  
  94  7:25  SCV  
  94  7:27  SCV  
  94  7:28  Marine  
  98  7:36  SCV  
  98  7:37  SCV  
  100  7:39  SCV  
  101  7:47  Siege Tank, Marine x3  
  101  7:48  SCV, Marauder  
  101  7:49  SCV  
  110  7:51  SCV, Marine, Medivac  
  110  7:52  Barracks, Marine  
  110  7:54  Medivac  
  110  7:56  Factory  
  110  7:57  Marine  
  113  8:00  SCV  
  113  8:01  SCV  
  113  8:05  Marine  
  115  8:06  Marauder  
  115  8:10  Marine x2  
  115  8:11  Marauder, Marine x2  
  124  8:21  Medivac  
  124  8:25  Marine x2  
  124  8:26  Siege Tank, Medivac  
  133  8:39  SCV x2, Marine x2  
  133  8:40  Command Center, Marauder x2  
  133  8:41  Terran Infantry Weapons Level 2, Terran Infantry Armor Level 2  
  141  8:43  Supply Depot  
  141  8:49  Barracks Tech Lab  
  141  8:51  Supply Depot  
  141  8:52  Factory Tech Lab  
  141  8:53  Supply Depot  
  141  8:54  Supply Depot  
  141  8:58  Terran Vehicle Weapons Level 1  
  141  9:05  Marauder x2, Medivac, Marine x2  
  141  9:09  SCV  
  149  9:10  Marine  
  149  9:11  Marine x3  
  149  9:12  Marauder  
  126  9:23  Marine x2  
  118  9:27  Marauder x2  
  118  9:28  Marine  
  118  9:29  Marine x3  
  118  9:30  SCV x2  
  128  9:33  Marauder  
  128  9:34  SCV  
  131  9:40  Marine x2  
  133  9:45  Marine  
  133  9:46  Siege Tank x2  
  133  9:47  Marine x3  
  133  9:48  Marauder x2  
  133  9:50  Medivac x2  
  133  9:51  SCV  
  152  9:53  SCV  
  152  9:54  SCV, Marauder  
  152  9:58  Marine x2  
  158  10:03  Marine  
  158  10:04  Marine  
  158  10:05  Concussive Shells, Marine  
  161  10:09  Marauder x2  
  161  10:13  Marine  
  165  10:15  SCV x2  
  165  10:16  Marine, Marauder  
  165  10:18  Siege Tank  
  165  10:20  Medivac x2  
  177  10:28  Missile Turret  
  177  10:31  Marauder x2  
  181  10:37  Marauder  
  183  10:43  Planetary Fortress  
  183  10:45  Thor  
  183  10:46  Sensor Tower  
  183  10:47  Refinery, Marine x3  
  188  10:50  Refinery  
  187  10:58  Medivac, Siege Tank, Marauder  
  186  11:13  Supply Depot x2  
  186  11:16  Terran Infantry Weapons Level 3, Terran Infantry Armor Level 3  
  186  11:34  Marine x2  
  186  11:35  Marauder, Siege Tank, Marine x3  
  196  11:45  Marine  
  196  11:47  Marine  
  196  11:51  Marauder  
  196  11:53  Marauder  
  193  11:59  Marine  
  189  12:01  Marine  
  189  12:02  Medivac, Siege Tank, Marauder  
  196  12:15  Supply Depot  
  196  12:17  Command Center  
  196  12:20  Ghost Academy  
  196  12:26  Command Center  
  196  12:29  Terran Vehicle Weapons Level 2  
  196  12:31  Command Center  
  196  12:36  Marine  
  200  12:37  Siege Tank  
  200  12:48  Ghost Academy  
  200  12:49  Barracks  
  200  12:51  Marauder  
  200  12:52  Marine x2  
  200  12:53  Medivac, Marine x4  
  200  12:55  Marauder  
  188  13:00  Marine  
  177  13:10  Marine x3  
  177  13:12  Marauder  
  182  13:22  Marine  
  183  13:29  Command Center, Barracks  
  183  13:30  Orbital Command  
  183  13:36  Personal Cloaking  
  182  13:48  Command Center  
  182  13:50  Command Center  
  182  13:52  Marine x2  
  182  13:53  Marine x2  
  182  13:54  Marauder x2, Marine x2  
  183  13:57  Marine  
  163  14:06  Siege Tank x2  
  163  14:09  Marine  
  165  14:10  Marine  
  165  14:11  Marine x3  
  165  14:12  Barracks Tech Lab, Marine  
  165  14:15  Medivac x2  
  165  14:16  Marauder  
  176  14:19  Marine  
  176  14:23  Marine  
  176  14:24  Marine  
  176  14:26  Missile Turret  
  176  14:27  Sensor Tower, Marine x2  
  176  14:29  Marine x4  
  177  14:34  Marine  
  177  14:38  Siege Tank  
  184  14:40  Planetary Fortress  
  184  14:43  Marine  
  182  14:54  Marine  
  182  14:55  Ghost x2  
  187  15:06  Orbital Command  
  187  15:17  Marine x2  
  187  15:18  Marauder  
  187  15:20  Ghost  
  193  15:21  Marine  
  193  15:22  Barracks Tech Lab, Marine x2  
  193  15:24  Barracks Reactor, Ghost x2  
  197  15:55  Ghost  
  179  16:02  Command Center  
  179  16:04  Ghost x2  
  179  16:05  Ghost  
  179  16:09  Command Center  
  185  16:20  Marine  
  185  16:21  Marine  
  185  16:22  Marine x3  
  190  16:29  Starport  
  190  16:30  Starport, Liberator x2  
  185  17:12  Liberator  
  185  17:13  Liberator  
  185  17:15  Ghost x3  
  189  17:20  Orbital Command  
  191  17:24  Planetary Fortress  
  191  17:32  Planetary Fortress, Starport Reactor, Starport Tech Lab  
  191  17:35  Command Center  
  190  17:54  Fusion Core  
  190  17:55  Liberator  
  190  17:58  Refinery  
  190  17:59  Refinery  
  192  18:13  Marauder x2, Marine x2  
  192  18:15  Medivac  
  199  18:34  Orbital Command  
  199  18:40  Marine  
  200  18:45  Marine x2  
  200  18:46  Marauder, Liberator  
  200  18:47  Orbital Command, Marine x2  
  198  18:50  Liberator x2  
  198  18:51  Command Center, SCV  
  188  18:59  Marauder x2, Marine x2  
  188  19:02  Liberator  
  193  19:08  Marauder, Marine  
  196  19:10  Liberator  
  160  19:28  Liberator  
  160  19:29  Orbital Command  
  148  19:33  Liberator x2  
  140  19:42  Marauder, Marine  
  140  19:43  Marauder, Marine x2  
  140  19:44  Marauder  
  140  19:45  Liberator  
  138  19:46  Orbital Command  
  146  20:03  Liberator  
  136  20:17  Liberator  
  136  20:18  Liberator x2  
  136  20:21  Marine  
  110  20:29  Marine x2  
  110  20:30  Marauder  
  110  20:35  Liberator  
  122  20:36  Marine  
  122  20:37  Marauder  
  125  20:51  Ghost  
  130  21:02  Ghost  
  132  21:13  Marine  
  132  21:14  Marauder  
  135  21:18  Marine  
  135  21:19  Marauder, Marine  
  135  21:20  Marauder  
  141  21:25  Liberator  
  141  21:26  Orbital Command, Liberator  
  114  21:41  Orbital Command  
  114  21:44  Marine x2  
  114  21:45  Marine x2, Marauder x2  
  114  21:46  Marauder  
  105  21:48  Marine  
  105  21:49  Marauder  
  108  22:00  SCV  
  109  22:01  Marine x3  
  109  22:02  Medivac  
  109  22:06  Marauder x2  
  118  22:13  SCV  
  114  22:19  SCV  
  114  22:21  SCV x2  
  117  22:24  Refinery  
  117  22:25  SCV  
  117  22:26  Marine x2  
  117  22:29  Marine x2  
  122  22:33  SCV x2, Orbital Command  
  122  22:34  Marine  
  122  22:35  Marine x2  
  122  22:36  Marauder  
  125  22:37  SCV, Marine  
  124  22:53  Orbital Command  
  124  22:54  SCV x2  
  124  22:56  Refinery  
  128  23:06  SCV  
  128  23:10  SCV  
  128  23:12  SCV x2  
  128  23:17  Marine  
  129  23:22  SCV x2  
  127  23:34  SCV  
  127  23:41  Marine  
  127  23:42  Marauder  
  130  23:56  Marine x2  
  130  23:58  Orbital Command  
  130  24:00  SCV  
  131  24:12  Marauder, Marine  
  131  24:16  SCV  
  135  24:23  SCV  
  136  24:24  SCV  
  136  24:27  SCV  
  136  24:31  Marine  
  139  24:33  SCV  
  139  24:35  SCV  
  139  24:36  SCV  
  142  24:39  SCV  
  142  24:47  SCV  
  142  24:49  SCV  
  142  24:50  SCV x2  
  142  24:52  SCV x2  
  148  24:53  Refinery  
  148  24:54  SCV  
  148  24:55  Refinery  
  149  25:02  Medivac x3  
  149  25:05  Medivac x2  
  159  25:19  SCV, Refinery  
  160  25:21  SCV  
  160  25:22  Refinery  
  160  25:23  SCV  
  162  25:29  Terran Ship Weapons Level 1  
  162  25:31  SCV  
  162  25:33  Ghost, Marine  
  162  25:34  Marauder, Liberator, Marine  
  169  25:40  Marine  
  170  25:43  SCV  
  171  25:55  Marauder x2  
  181  26:09  Ghost  
  180  26:11  Ghost  
  180  26:16  SCV  
  180  26:17  Liberator x2  
  182  26:28  SCV  
  183  26:34  Ghost  
  190  26:42  Ghost  
  191  27:05  Orbital Command  
  191  27:08  Orbital Command  

Tags
 
Add a new tag
Caveats
  • Supply blocks, unpowered buildings, or Contaminate may cause inaccurate times.
  • Supply counts are checked every 10 seconds.